Barons vs Admirals NSH

Created - Thursday, December 04, 2014 at 20:35

Goals
1 2 3 T
Barons 1 2 0 3
Admirals NSH 0 1 0 1
Shots
1 2 3 T
Barons 8 9 9 26
Admirals NSH 5 13 4 22

1st period

1. Barons , Brad Winchester 4 (Teemu Pulkkinen, Andy Miele) at 10:05

Penalties :
Frazer McLaren (MIL) for Fighting (Major) at 10:24, Brad Winchester (OKC) for Fighting (Major) at 10:24, Frazer McLaren (MIL) for instigated a fight (Minor) at 10:24, Frazer McLaren (MIL) for instigated a fight (10 Minutes Misconduct) at 10:24

2nd period

2. Barons , Chuck Kobasew 12 (Ryan Stanton) at 9:45
3. Barons , Chris Porter 3 (Chuck Kobasew, John Negrin) at 10:47
4. Admirals NSH , Frazer McLaren 8 (Fredrik Claesson, Matt Fraser) at 14:07

Penalties :
Mike Blunden (MIL) for Interference (Minor) at 6:10, Farm Player38 (OKC) for Tripping (Minor) at 15:47

3rd period

No Goal

Penalties :
Frazer McLaren (MIL) for Cross-checking (Minor) at 1:31, Wade Megan (MIL) for Roughing (Minor) at 3:43

Goalie Stats

Ray Emery (OKC), 21 saves from 22 shots - (0.955), W, 24-3-1, 60:00 minutes
Johan Gustafsson (MIL), 23 saves from 26 shots - (0.885), L, 9-19-1, 60:00 minutes

Players Stats for Barons

Player Name              G  A  P  +/- PIM S  H  SB GA TA FO     MP     PP MP  PK MP  
------------------------------------------------------------------------------------
Andy Miele               0  1  1   1  0   3  1  1  8  1  5/11   20:02   4:17   0:00 
Brad Winchester          1  0  1   1  5   3  2  0  0  0  0/0    17:14   3:14   0:00 
Brett Connolly           0  0  0   0  0   0  1  0  3  0  1/3     9:33   0:00   0:00 
Chris Porter             1  0  1   1  0   3  1  2  1  0  0/2    13:44   0:00   0:58 
Chuck Kobasew            1  1  2   1  0   2  2  0  2  1  0/0    14:41   1:05   0:00 
Devin Setoguchi          0  0  0   0  0   2  0  0  2  0  0/2    21:34   3:37   1:01 
Farm Player12            0  0  0   1  0   0  0  0  0  0  0/0    22:51   3:19   0:39 
Farm Player37            0  0  0   0  0   0  0  1  0  0  0/0    19:25   0:02   0:45 
Farm Player38            0  0  0   0  2   0  0  0  0  0  0/0     7:54   0:00   0:00 
John Negrin              0  1  1   1  0   1  1  1  0  2  0/0    21:01   3:19   0:45 
Kris Newbury             0  0  0   0  0   2  3  0  0  0  0/0     9:33   0:00   0:00 
Michael Chaput           0  0  0   0  0   0  0  0  0  0  0/0     0:00   0:00   0:00 
Ryan Stanton             0  1  1   1  0   1  1  1  0  2  0/0    26:44   4:37   1:14 
Scott Hannan             0  0  0   1  0   1  3  0  1  1  0/0    26:52   4:37   1:14 
Shawn Thornton           0  0  0   1  0   0  3  0  1  1  0/0    13:16   0:02   0:00 
Steve Bernier            0  0  0   0  0   2  1  0  0  0  0/0    17:41   3:37   1:20 
Teemu Pulkkinen          0  1  1   1  0   3  0  0  4  0  0/0    19:20   4:17   0:00 
Torrey Mitchell          0  0  0   0  0   3  0  0  0  1  6/12   16:34   3:37   0:00 

Players Stats for Admirals NSH

Player Name              G  A  P  +/- PIM S  H  SB GA TA FO     MP     PP MP  PK MP  
------------------------------------------------------------------------------------
Adam Cracknell           0  0  0  -1  0   1  4  2  1  0  3/7    18:23   0:56   4:43 
Alexey Marchenko         0  0  0  -1  0   1  1  1  0  1  0/0    19:09   0:49   3:13 
Brody Sutter             0  0  0   1  0   0  2  1  3  1  7/8    18:19   1:03   1:48 
Cameron Schilling        0  0  0  -1  0   1  1  0  0  3  0/0    16:09   0:00   0:00 
Corey Tropp              0  0  0  -1  0   7  1  0  6  0  1/1    14:36   0:56   1:48 
Frazer McLaren           1  0  1   1  19  2  2  0  3  0  0/0    11:31   1:03   0:00 
Fredrik Claesson         0  1  1   0  0   0  2  1  0  3  0/0    24:42   1:10   4:43 
Jamie Tardif             0  0  0  -1  0   1  0  0  3  0  0/0    15:49   0:00   0:00 
Jyrki Jokipakka          0  0  0   0  0   0  2  2  0  0  0/0    24:42   1:10   4:43 
Lane MacDermid           0  0  0   0  0   0  0  0  0  0  0/0     0:00   0:00   0:00 
Marcel Noebels           0  0  0  -1  0   0  0  0  1  0  0/0    11:02   0:00   0:00 
Matt Fraser              0  1  1   1  0   1  0  1  3  1  1/1    17:54   1:03   1:25 
Mike Blunden             0  0  0  -2  2   0  0  0  0  1  1/4    21:58   0:56   3:23 
Nikita Nesterov          0  0  0  -1  0   0  0  1  0  1  0/0    16:09   0:00   0:00 
Patrick Mullen           0  0  0  -1  0   1  0  1  0  0  0/0    19:09   0:49   3:13 
Pierre-Cedric Labrie     0  0  0  -1  0   3  4  0  1  0  0/0    14:01   0:00   0:00 
Wade Megan               0  0  0  -1  2   3  0  1  1  1  3/5    15:21   0:00   1:38 
Zach Hamill              0  0  0  -1  0   1  0  0  1  0  2/4    13:06   0:00   1:07 

3 Stars

1 - Chuck Kobasew (OKC)
2 - Ray Emery (OKC)
3 - Chris Porter (OKC)

Power Play

Barons - 0 on 4 Attempt(s) - 0.00%
Admirals NSH - 0 on 1 Attempt(s) - 0.00%

Penalty Kill

Barons - 1 on 1 Attempt(s) - 100.00% - Score 0 goal in Penalty Kill
Admirals NSH - 4 on 4 Attempt(s) - 100.00% - Score 0 goal in Penalty Kill

Official

Referees : Unknown
Linesman : Unknown

Game Notes

Brad Winchester beats up Frazer McLaren at 10:24 of 1st period

Finance

Level 1 -- Attendance: 1455 (72.75%) -- Ticket Income $50,925
Level 2 -- Attendance: 707 (70.70%) -- Ticket Income $10,605
Total Attendance: 2162 (72.07%)
Total Ticket Income: $61,530
Other Income: $30,150
Total Income: $91,680

Barons

5 vs 5 Forward 
   Center                   Left Wing                Right Wing               Time % Phy DF OF 
 1 Torrey Mitchell          Steve Bernier            Devin Setoguchi          35     1   2  2  
 2 Andy Miele               Teemu Pulkkinen          Brad Winchester          30     1   2  2  
 3 Chris Porter             Chuck Kobasew            Shawn Thornton           22     1   2  2  
 4 Brett Connolly           Kris Newbury             Devin Setoguchi          13     1   2  2  

5 vs 5 Defense 
   Defense                  Defense                                           Time % Phy DF OF 
 1 Scott Hannan             Ryan Stanton                                      35     1   2  2  
 2 Farm Player12            John Negrin                                       30     1   2  2  
 3 Farm Player12            Farm Player37                                     22     1   2  2  
 4 Scott Hannan             Ryan Stanton                                      13     1   2  2  

PowerPlay Forward 
   Center                   Left Wing                Right Wing               Time % Phy DF OF 
 1 Torrey Mitchell          Steve Bernier            Devin Setoguchi          60     1   2  2  
 2 Andy Miele               Teemu Pulkkinen          Brad Winchester          40     1   2  2  

PowerPlay Defense
   Defense                  Defense                                           Time % Phy DF OF 
 1 Scott Hannan             Ryan Stanton                                      60     1   2  2  
 2 Farm Player12            John Negrin                                       40     1   2  2  

Penalty Kill 4 Players Forward 
   Center                   Wing                     Time % Phy DF OF 
 1 Devin Setoguchi          Steve Bernier            60     1   2  2  
 2 Torrey Mitchell          Teemu Pulkkinen          40     1   2  2  

Penalty Kill 4 Players Defense
   Defense                  Defense                  Time % Phy DF OF 
 1 Scott Hannan             Ryan Stanton             60     1   2  2  
 2 Farm Player37            John Negrin              40     1   2  2  

Penalty Kill - 3 Players Forward 
   Forward                                           Time % Phy DF OF 
 1 Devin Setoguchi                                   60     1   2  2  
 2 Steve Bernier                                     40     1   2  2  

Penalty Kill - 3 Players Defense
   Defense                  Defense                  Time % Phy DF OF 
 1 Scott Hannan             Ryan Stanton             60     1   2  2  
 2 Farm Player37            John Negrin              40     1   2  2  

4 vs 4 Forward 
   Center                   Wing                     Time % Phy DF OF 
 1 Devin Setoguchi          Steve Bernier            60     1   2  2  
 2 Torrey Mitchell          Teemu Pulkkinen          40     1   2  2  

4 vs 4 Defense
   Defense                  Defense                  Time % Phy DF OF 
 1 Scott Hannan             Ryan Stanton             60     1   2  2  
 2 Farm Player12            John Negrin              40     1   2  2  

Last Minutes Offensive
   Center                   Left Wing                Right Wing               Defense                  Defense                  
   Torrey Mitchell          Steve Bernier            Devin Setoguchi          Scott Hannan             Ryan Stanton             

Last Minutes Defensive
   Center                   Left Wing                Right Wing               Defense                  Defense                  
   Torrey Mitchell          Steve Bernier            Devin Setoguchi          Scott Hannan             Ryan Stanton             

Goaltenders
Starting : Ray Emery                
Backup : Mike Lee                 

Extra Forwards
Normal : Chuck Kobasew, Shawn Thornton, Chris Porter - PP : Chuck Kobasew, Shawn Thornton - PK : Chris Porter
Extra Defensemen
Normal : Farm Player12, Farm Player37, Ryan Stanton - PP : Farm Player12 - PK : Farm Player37, Scott Hannan
Penalty Shots
Devin Setoguchi, Steve Bernier, Torrey Mitchell, Teemu Pulkkinen, Andy Miele

Admirals NSH

5 vs 5 Forward 
   Center                   Left Wing                Right Wing               Time % Phy DF OF 
 1 Adam Cracknell           Mike Blunden             Corey Tropp              28     1   2  2  
 2 Brody Sutter             Frazer McLaren           Matt Fraser              28     1   2  2  
 3 Wade Megan               Pierre-Cedric Labrie     Jamie Tardif             22     1   2  2  
 4 Zach Hamill              Marcel Noebels           Mike Blunden             22     1   2  2  

5 vs 5 Defense 
   Defense                  Defense                                           Time % Phy DF OF 
 1 Fredrik Claesson         Jyrki Jokipakka                                   30     1   2  2  
 2 Patrick Mullen           Alexey Marchenko                                  28     1   2  2  
 3 Nikita Nesterov          Cameron Schilling                                 21     1   2  2  
 4 Fredrik Claesson         Jyrki Jokipakka                                   21     1   2  2  

PowerPlay Forward 
   Center                   Left Wing                Right Wing               Time % Phy DF OF 
 1 Adam Cracknell           Mike Blunden             Corey Tropp              60     1   2  2  
 2 Brody Sutter             Frazer McLaren           Matt Fraser              40     1   2  2  

PowerPlay Defense
   Defense                  Defense                                           Time % Phy DF OF 
 1 Fredrik Claesson         Jyrki Jokipakka                                   60     1   2  2  
 2 Patrick Mullen           Alexey Marchenko                                  40     1   2  2  

Penalty Kill 4 Players Forward 
   Center                   Wing                     Time % Phy DF OF 
 1 Mike Blunden             Adam Cracknell           60     1   2  2  
 2 Corey Tropp              Brody Sutter             40     1   2  2  

Penalty Kill 4 Players Defense
   Defense                  Defense                  Time % Phy DF OF 
 1 Fredrik Claesson         Jyrki Jokipakka          60     1   2  2  
 2 Patrick Mullen           Alexey Marchenko         40     1   2  2  

Penalty Kill - 3 Players Forward 
   Forward                                           Time % Phy DF OF 
 1 Mike Blunden                                      60     1   2  2  
 2 Adam Cracknell                                    40     1   2  2  

Penalty Kill - 3 Players Defense
   Defense                  Defense                  Time % Phy DF OF 
 1 Fredrik Claesson         Jyrki Jokipakka          60     1   2  2  
 2 Patrick Mullen           Alexey Marchenko         40     1   2  2  

4 vs 4 Forward 
   Center                   Wing                     Time % Phy DF OF 
 1 Mike Blunden             Adam Cracknell           60     1   2  2  
 2 Corey Tropp              Brody Sutter             40     1   2  2  

4 vs 4 Defense
   Defense                  Defense                  Time % Phy DF OF 
 1 Fredrik Claesson         Jyrki Jokipakka          60     1   2  2  
 2 Patrick Mullen           Alexey Marchenko         40     1   2  2  

Last Minutes Offensive
   Center                   Left Wing                Right Wing               Defense                  Defense                  
   Adam Cracknell           Mike Blunden             Corey Tropp              Fredrik Claesson         Jyrki Jokipakka          

Last Minutes Defensive
   Center                   Left Wing                Right Wing               Defense                  Defense                  
   Adam Cracknell           Mike Blunden             Corey Tropp              Fredrik Claesson         Jyrki Jokipakka          

Goaltenders
Starting : Johan Gustafsson         
Backup : Jeremy Smith             

Extra Forwards
Normal : Jamie Tardif, Pierre-Cedric Labrie, Wade Megan - PP : Jamie Tardif, Pierre-Cedric Labrie - PK : Wade Megan
Extra Defensemen
Normal : Nikita Nesterov, Cameron Schilling, Patrick Mullen - PP : Nikita Nesterov - PK : Cameron Schilling, Patrick Mullen
Penalty Shots
Mike Blunden, Adam Cracknell, Corey Tropp, Brody Sutter, Frazer McLaren

% Time on Ice - Barons

Lines # - Real PCT - Wanted PCT - Time Play
Normal Forward
1 - 28% - 35% - 14:05
2 - 30% - 30% - 15:03
3 - 23% - 22% - 11:24
4 - 19% - 13% - 9:33
Normal Defense
1 - 36% - 35% - 17:59
2 - 36% - 30% - 17:56
3 - 21% - 22% - 10:46
4 - 7% - 13% - 3:24
PP Forward
1 - 46% - 60% - 3:39
2 - 54% - 40% - 4:17
PP Defense
1 - 58% - 60% - 4:37
2 - 42% - 40% - 3:19
PK Forward
1 - 100% - 60% - 1:59
2 - 0% - 40% - 0:00
PK Defense
1 - 62% - 60% - 1:14
2 - 38% - 40% - 0:45
PK3 Forward
1 - 0% - 60%
2 - 0% - 40%
PK3 Defense
1 - 0% - 60%
2 - 0% - 40%
44 Forward
1 - 0% - 60%
2 - 0% - 40%
44 Defense
1 - 0% - 60%
2 - 0% - 40%
Last Minute Offensive  - 0:00
Last Minute Defensive  - 0:00
Total
Forward - 60:00
Defense - 60:00

% Time on Ice - Admirals NSH

Lines # - Real PCT - Wanted PCT - Time Play
Normal Forward
1 - 23% - 28% - 11:39
2 - 30% - 28% - 15:02
3 - 25% - 22% - 12:22
4 - 22% - 22% - 11:02
Normal Defense
1 - 25% - 30% - 12:25
2 - 30% - 28% - 15:07
3 - 32% - 21% - 16:09
4 - 13% - 21% - 6:24
PP Forward
1 - 47% - 60% - 0:56
2 - 53% - 40% - 1:03
PP Defense
1 - 59% - 60% - 1:10
2 - 41% - 40% - 0:49
PK Forward
1 - 77% - 60% - 6:08
2 - 23% - 40% - 1:48
PK Defense
1 - 59% - 60% - 4:43
2 - 41% - 40% - 3:13
PK3 Forward
1 - 0% - 60%
2 - 0% - 40%
PK3 Defense
1 - 0% - 60%
2 - 0% - 40%
44 Forward
1 - 0% - 60%
2 - 0% - 40%
44 Defense
1 - 0% - 60%
2 - 0% - 40%
Last Minute Offensive  - 0:00
Last Minute Defensive  - 0:00
Total
Forward - 60:00
Defense - 60:00

Play by Play

1st period


0:01 of 1st period - Adam Cracknell wins face-off versus Torrey Mitchell in neutral zone.
0:24 of 1st period - Wrist shot by Adam Cracknell.
0:24 of 1st period - Stopped by Ray Emery with a rebound.
1:29 of 1st period - Snap shot by Teemu Pulkkinen.
1:29 of 1st period - Stopped by Johan Gustafsson without a rebound.
1:30 of 1st period - Wade Megan wins face-off versus Chris Porter in Admirals NSH zone.
1:43 of 1st period - Backhand shot by Chuck Kobasew.
1:43 of 1st period - Stopped by Johan Gustafsson with a rebound.
3:44 of 1st period - Snap shot by Steve Bernier.
3:44 of 1st period - Stopped by Johan Gustafsson with a rebound.
3:46 of 1st period - Slapshot by Torrey Mitchell.
3:46 of 1st period - Stopped by Johan Gustafsson with a rebound.
3:56 of 1st period - Brody Sutter is hit by Shawn Thornton and loses puck.
4:55 of 1st period - Teemu Pulkkinen is hit by Adam Cracknell and loses puck.
5:08 of 1st period - Wrist shot by Teemu Pulkkinen.
5:08 of 1st period - Shot Blocked by Adam Cracknell.
5:43 of 1st period - Steve Bernier is hit by Alexey Marchenko and loses puck.
6:22 of 1st period - Snap shot by Jamie Tardif.
6:22 of 1st period - Shot Misses the Net.
6:24 of 1st period - Wrist shot by Jyrki Jokipakka.
6:24 of 1st period - Shot Misses the Net.
6:53 of 1st period - Off-side.
6:54 of 1st period - Brody Sutter wins face-off versus Brett Connolly in neutral zone.
7:00 of 1st period - Nikita Nesterov is hit by Brett Connolly and loses puck.
7:07 of 1st period - Wrist shot by Devin Setoguchi.
7:07 of 1st period - Stopped by Johan Gustafsson with a rebound.
7:28 of 1st period - Jyrki Jokipakka is hit by Shawn Thornton.
7:32 of 1st period - Wrist shot by Chuck Kobasew.
7:32 of 1st period - Shot Blocked by Jyrki Jokipakka.
7:50 of 1st period - Snap shot by Ryan Stanton.
7:50 of 1st period - Shot Blocked by Adam Cracknell.
7:59 of 1st period - Chris Porter is hit by Corey Tropp and loses puck.
8:13 of 1st period - Icing by Alexey Marchenko.
8:14 of 1st period - Torrey Mitchell wins face-off versus Wade Megan in Admirals NSH zone.
8:47 of 1st period - John Negrin is hit by Frazer McLaren and loses puck.
9:11 of 1st period - Zach Hamill is hit by Kris Newbury.
9:53 of 1st period - Wrist shot by Corey Tropp.
9:53 of 1st period - Stopped by Ray Emery without a rebound.
9:54 of 1st period - Andy Miele wins face-off versus Adam Cracknell in Barons zone.
10:05 of 1st period - Snap shot by Teemu Pulkkinen.
10:05 of 1st period - Deflect By Brad Winchester.
10:05 of 1st period - Goal by Brad Winchester - Barons : 1 - Admirals NSH : 0.
10:06 of 1st period - Brody Sutter wins face-off versus Andy Miele in neutral zone.
10:15 of 1st period - Wrist shot by Frazer McLaren.
10:15 of 1st period - Stopped by Ray Emery with a rebound.
10:24 of 1st period - Brad Winchester beats up Frazer McLaren.
10:24 of 1st period - Penalty to Frazer McLaren for Fighting.
10:24 of 1st period - Penalty to Brad Winchester for Fighting.
10:24 of 1st period - Penalty to Frazer McLaren for instigated a fight.
10:24 of 1st period - Penalty to Frazer McLaren for instigated a fight.
10:25 of 1st period - Andy Miele wins face-off versus Mike Blunden in Admirals NSH zone.
10:54 of 1st period - Ryan Stanton is hit by Adam Cracknell and loses puck.
11:45 of 1st period - Wrist shot by Torrey Mitchell.
11:45 of 1st period - Shot Misses the Net.
11:47 of 1st period - Slapshot by Scott Hannan.
11:47 of 1st period - Stopped by Johan Gustafsson with a rebound.
11:49 of 1st period - Slapshot by Ryan Stanton.
11:49 of 1st period - Deflect By Steve Bernier.
11:49 of 1st period - Shot Blocked by Brody Sutter.
11:49 of 1st period - Puck is out of play.
11:50 of 1st period - Corey Tropp wins face-off versus Torrey Mitchell in Admirals NSH zone.
12:24 of 1st period - Penalty to Frazer McLaren is over, Wade Megan is send on ice.
12:27 of 1st period - Wrist shot by Chuck Kobasew.
12:27 of 1st period - Shot Blocked by Wade Megan.
12:29 of 1st period - Slapshot by Scott Hannan.
12:29 of 1st period - Shot Blocked by Alexey Marchenko.
12:31 of 1st period - Wrist shot by Ryan Stanton.
12:31 of 1st period - Shot Misses the Net.
13:41 of 1st period - Slapshot by Devin Setoguchi.
13:41 of 1st period - Deflect By Kris Newbury.
13:41 of 1st period - Stopped by Johan Gustafsson with a rebound.
13:43 of 1st period - Wrist shot by Kris Newbury.
13:43 of 1st period - Deflect By Devin Setoguchi.
13:43 of 1st period - Shot Misses the Net.
13:43 of 1st period - Puck is out of play.
13:44 of 1st period - Zach Hamill wins face-off versus Andy Miele in Admirals NSH zone.
14:19 of 1st period - Wrist shot by Pierre-Cedric Labrie.
14:19 of 1st period - Deflect By Torrey Mitchell.
14:19 of 1st period - Stopped by Ray Emery with a rebound.
15:07 of 1st period - Mike Blunden is hit by Kris Newbury.
15:16 of 1st period - Nikita Nesterov is hit by Kris Newbury and loses puck.
15:33 of 1st period - Cameron Schilling is hit by Steve Bernier and loses puck.
16:00 of 1st period - Zach Hamill is hit by Brad Winchester and loses puck.
18:48 of 1st period - Slapshot by Scott Hannan.
18:48 of 1st period - Shot Blocked by Fredrik Claesson.
19:11 of 1st period - Corey Tropp is hit by Ryan Stanton and loses puck.
19:35 of 1st period - Slapshot by Patrick Mullen.
19:35 of 1st period - Deflect By Brett Connolly.
19:35 of 1st period - Stopped by Ray Emery with a rebound.
Goals for this period are 1 for Barons vs 0 for Admirals NSH.
Shots for this period are 8 for Barons vs 5 for Admirals NSH.

2nd period


0:01 of 2nd period - Torrey Mitchell wins face-off versus Adam Cracknell in neutral zone.
0:51 of 2nd period - Fredrik Claesson is hit by Scott Hannan and loses puck.
1:11 of 2nd period - Snap shot by Wade Megan.
1:11 of 2nd period - Stopped by Ray Emery without a rebound.
1:12 of 2nd period - Brody Sutter wins face-off versus Andy Miele in Barons zone.
1:21 of 2nd period - Brody Sutter is hit by Brad Winchester and loses puck.
1:38 of 2nd period - Slapshot by Jamie Tardif.
1:38 of 2nd period - Stopped by Ray Emery without a rebound.
1:39 of 2nd period - Torrey Mitchell wins face-off versus Zach Hamill in Barons zone.
1:44 of 2nd period - Slapshot by Torrey Mitchell.
1:44 of 2nd period - Shot Misses the Net.
2:04 of 2nd period - Slapshot by Devin Setoguchi.
2:04 of 2nd period - Stopped by Johan Gustafsson with a rebound.
2:06 of 2nd period - Snap shot by Torrey Mitchell.
2:06 of 2nd period - Deflect By Devin Setoguchi.
2:06 of 2nd period - Shot Misses the Net.
2:06 of 2nd period - Puck is out of play.
2:07 of 2nd period - Brody Sutter wins face-off versus Andy Miele in Admirals NSH zone.
2:14 of 2nd period - Wrist shot by Andy Miele.
2:14 of 2nd period - Stopped by Johan Gustafsson with a rebound.
2:16 of 2nd period - Snap shot by Andy Miele.
2:16 of 2nd period - Shot Blocked by Matt Fraser.
3:06 of 2nd period - Wrist shot by Corey Tropp.
3:06 of 2nd period - Shot Blocked by Ryan Stanton.
3:08 of 2nd period - Snap shot by Corey Tropp.
3:08 of 2nd period - Shot Misses the Net.
3:10 of 2nd period - Slapshot by Alexey Marchenko.
3:10 of 2nd period - Stopped by Ray Emery with a rebound.
3:12 of 2nd period - Snap shot by Corey Tropp.
3:12 of 2nd period - Stopped by Ray Emery without a rebound.
3:13 of 2nd period - Brody Sutter wins face-off versus Torrey Mitchell in Barons zone.
3:49 of 2nd period - Icing by Torrey Mitchell.
3:50 of 2nd period - Zach Hamill wins face-off versus Torrey Mitchell in Barons zone.
4:03 of 2nd period - Slapshot by Mike Blunden.
4:03 of 2nd period - Shot Misses the Net.
4:05 of 2nd period - Wrist shot by Zach Hamill.
4:05 of 2nd period - Stopped by Ray Emery with a rebound.
4:07 of 2nd period - Snap shot by Zach Hamill.
4:07 of 2nd period - Shot Misses the Net.
4:09 of 2nd period - Snap shot by Jyrki Jokipakka.
4:09 of 2nd period - Shot Blocked by Farm Player37.
5:24 of 2nd period - 10 Minutes Misconduct Penalty to Frazer McLaren is over.
5:24 of 2nd period - Adam Cracknell is hit by Chuck Kobasew and loses puck.
5:47 of 2nd period - Wrist shot by Teemu Pulkkinen.
5:47 of 2nd period - Stopped by Johan Gustafsson with a rebound.
5:49 of 2nd period - Slapshot by John Negrin.
5:49 of 2nd period - Stopped by Johan Gustafsson with a rebound.
5:51 of 2nd period - Snap shot by Andy Miele.
5:51 of 2nd period - Stopped by Johan Gustafsson with a rebound.
5:53 of 2nd period - Snap shot by Andy Miele.
5:53 of 2nd period - Shot Blocked by Nikita Nesterov.
5:55 of 2nd period - Slapshot by Ryan Stanton.
5:55 of 2nd period - Stopped by Johan Gustafsson with a rebound.
5:57 of 2nd period - Backhand shot by Teemu Pulkkinen.
5:57 of 2nd period - Shot Misses the Net.
6:10 of 2nd period - Minor Penalty to Mike Blunden for Interference.
6:11 of 2nd period - Wade Megan wins face-off versus Andy Miele in Admirals NSH zone.
7:07 of 2nd period - Andy Miele is hit by Adam Cracknell.
7:37 of 2nd period - Slapshot by Torrey Mitchell.
7:37 of 2nd period - Shot Misses the Net.
7:39 of 2nd period - Slapshot by Torrey Mitchell.
7:39 of 2nd period - Stopped by Johan Gustafsson with a rebound.
7:41 of 2nd period - Wrist shot by John Negrin.
7:41 of 2nd period - Shot Misses the Net.
7:57 of 2nd period - Zach Hamill is hit by Scott Hannan and loses puck.
8:10 of 2nd period - Penalty to Mike Blunden is over, Mike Blunden is back on ice.
9:45 of 2nd period - Wrist shot by Chuck Kobasew.
9:45 of 2nd period - Goal by Chuck Kobasew - Barons : 2 - Admirals NSH : 0.
9:46 of 2nd period - Brody Sutter wins face-off versus Brett Connolly in neutral zone.
10:22 of 2nd period - Snap shot by Teemu Pulkkinen.
10:22 of 2nd period - Shot Misses the Net.
10:47 of 2nd period - Slapshot by Chris Porter.
10:47 of 2nd period - Goal by Chris Porter - Barons : 3 - Admirals NSH : 0.
10:48 of 2nd period - Torrey Mitchell wins face-off versus Adam Cracknell in neutral zone.
10:48 of 2nd period - Torrey Mitchell is hit by Fredrik Claesson.
11:44 of 2nd period - Ryan Stanton is hit by Jyrki Jokipakka and loses puck.
12:17 of 2nd period - Snap shot by Pierre-Cedric Labrie.
12:17 of 2nd period - Stopped by Ray Emery with a rebound.
12:23 of 2nd period - Jamie Tardif is hit by Chuck Kobasew and loses puck.
13:26 of 2nd period - Mike Blunden is hit by Andy Miele and loses puck.
13:41 of 2nd period - Snap shot by Andy Miele.
13:41 of 2nd period - Shot Blocked by Patrick Mullen.
14:03 of 2nd period - Slapshot by Matt Fraser.
14:03 of 2nd period - Shot Blocked by Chris Porter.
14:05 of 2nd period - Slapshot by Fredrik Claesson.
14:05 of 2nd period - Shot Blocked by Chris Porter.
14:07 of 2nd period - Wrist shot by Frazer McLaren.
14:07 of 2nd period - Goal by Frazer McLaren - Barons : 3 - Admirals NSH : 1.
14:08 of 2nd period - Andy Miele wins face-off versus Brody Sutter in neutral zone.
15:13 of 2nd period - Slapshot by Pierre-Cedric Labrie.
15:13 of 2nd period - Stopped by Ray Emery with a rebound.
15:15 of 2nd period - Wrist shot by Wade Megan.
15:15 of 2nd period - Deflect By Chuck Kobasew.
15:15 of 2nd period - Stopped by Ray Emery without a rebound.
15:16 of 2nd period - Adam Cracknell wins face-off versus Torrey Mitchell in Barons zone.
15:23 of 2nd period - Snap shot by Adam Cracknell.
15:23 of 2nd period - Shot Misses the Net.
15:47 of 2nd period - Minor Penalty to Farm Player38 for Tripping.
15:48 of 2nd period - Matt Fraser wins face-off versus Devin Setoguchi in Barons zone.
15:49 of 2nd period - Slapshot by Frazer McLaren.
15:49 of 2nd period - Shot Misses the Net.
16:39 of 2nd period - Wrist shot by Chris Porter.
16:39 of 2nd period - Shot Misses the Net.
16:41 of 2nd period - Slapshot by John Negrin.
16:41 of 2nd period - Shot Blocked by Jyrki Jokipakka.
17:13 of 2nd period - Slapshot by Alexey Marchenko.
17:13 of 2nd period - Deflect By Matt Fraser.
17:13 of 2nd period - Stopped by Ray Emery without a rebound.
17:14 of 2nd period - Brody Sutter wins face-off versus Devin Setoguchi in Barons zone.
17:38 of 2nd period - Slapshot by Corey Tropp.
17:38 of 2nd period - Stopped by Ray Emery without a rebound.
17:39 of 2nd period - Adam Cracknell wins face-off versus Chris Porter in Barons zone.
17:40 of 2nd period - Snap shot by Corey Tropp.
17:40 of 2nd period - Stopped by Ray Emery with a rebound.
17:47 of 2nd period - Penalty to Farm Player38 is over, Farm Player38 is back on ice.
18:13 of 2nd period - Andy Miele is hit by Pierre-Cedric Labrie and loses puck.
18:20 of 2nd period - Snap shot by Wade Megan.
18:20 of 2nd period - Shot Misses the Net.
18:22 of 2nd period - Snap shot by Pierre-Cedric Labrie.
18:22 of 2nd period - Shot Blocked by Andy Miele.
18:24 of 2nd period - Slapshot by Cameron Schilling.
18:24 of 2nd period - Stopped by Ray Emery with a rebound.
18:57 of 2nd period - Zach Hamill is hit by John Negrin and loses puck.
Goals for this period are 2 for Barons vs 1 for Admirals NSH.
Shots for this period are 9 for Barons vs 13 for Admirals NSH.

3rd period


0:01 of 3rd period - Torrey Mitchell wins face-off versus Adam Cracknell in neutral zone.
0:08 of 3rd period - Snap shot by Devin Setoguchi.
0:08 of 3rd period - Shot Misses the Net.
0:55 of 3rd period - Brad Winchester is hit by Brody Sutter and loses puck.
1:02 of 3rd period - Andy Miele is hit by Brody Sutter and loses puck.
1:19 of 3rd period - Snap shot by Brad Winchester.
1:19 of 3rd period - Shot Misses the Net.
1:31 of 3rd period - Minor Penalty to Frazer McLaren for Cross-checking.
1:32 of 3rd period - Torrey Mitchell wins face-off versus Mike Blunden in Admirals NSH zone.
2:03 of 3rd period - Snap shot by Brad Winchester.
2:03 of 3rd period - Stopped by Johan Gustafsson with a rebound.
2:30 of 3rd period - Off-side.
2:31 of 3rd period - Mike Blunden wins face-off versus Torrey Mitchell in neutral zone.
2:34 of 3rd period - Ryan Stanton is hit by Adam Cracknell and loses puck.
3:07 of 3rd period - Snap shot by Corey Tropp.
3:07 of 3rd period - Stopped by Ray Emery with a rebound.
3:31 of 3rd period - Penalty to Frazer McLaren is over, Frazer McLaren is back on ice.
3:43 of 3rd period - Minor Penalty to Wade Megan for Roughing.
3:44 of 3rd period - Andy Miele wins face-off versus Mike Blunden in Admirals NSH zone.
4:03 of 3rd period - Slapshot by Teemu Pulkkinen.
4:03 of 3rd period - Shot Misses the Net.
5:07 of 3rd period - Snap shot by Steve Bernier.
5:07 of 3rd period - Stopped by Johan Gustafsson with a rebound.
5:09 of 3rd period - Wrist shot by Torrey Mitchell.
5:09 of 3rd period - Stopped by Johan Gustafsson with a rebound.
5:25 of 3rd period - Snap shot by Andy Miele.
5:25 of 3rd period - Stopped by Johan Gustafsson with a rebound.
5:27 of 3rd period - Wrist shot by Teemu Pulkkinen.
5:27 of 3rd period - Stopped by Johan Gustafsson without a rebound.
5:28 of 3rd period - Andy Miele wins face-off versus Zach Hamill in Admirals NSH zone.
5:43 of 3rd period - Penalty to Wade Megan is over, Wade Megan is back on ice.
6:56 of 3rd period - Slapshot by Ryan Stanton.
6:56 of 3rd period - Shot Misses the Net.
9:23 of 3rd period - Wrist shot by Scott Hannan.
9:23 of 3rd period - Shot Misses the Net.
9:57 of 3rd period - Zach Hamill is hit by Shawn Thornton and loses puck.
10:32 of 3rd period - Snap shot by Chris Porter.
10:32 of 3rd period - Stopped by Johan Gustafsson with a rebound.
10:34 of 3rd period - Slapshot by Farm Player37.
10:34 of 3rd period - Shot Misses the Net.
11:29 of 3rd period - Slapshot by Corey Tropp.
11:29 of 3rd period - Stopped by Ray Emery with a rebound.
11:31 of 3rd period - Wrist shot by Adam Cracknell.
11:31 of 3rd period - Shot Blocked by John Negrin.
11:41 of 3rd period - Snap shot by Corey Tropp.
11:41 of 3rd period - Stopped by Ray Emery with a rebound.
12:30 of 3rd period - Shawn Thornton is hit by Pierre-Cedric Labrie and loses puck.
12:47 of 3rd period - Kris Newbury is hit by Pierre-Cedric Labrie and loses puck.
13:01 of 3rd period - Chris Porter is hit by Fredrik Claesson and loses puck.
15:30 of 3rd period - Torrey Mitchell is hit by Pierre-Cedric Labrie and loses puck.
15:35 of 3rd period - Snap shot by Wade Megan.
15:35 of 3rd period - Stopped by Ray Emery with a rebound.
15:37 of 3rd period - Snap shot by Jamie Tardif.
15:37 of 3rd period - Deflect By Pierre-Cedric Labrie.
15:37 of 3rd period - Shot Misses the Net.
15:37 of 3rd period - Puck is out of play.
15:38 of 3rd period - Brett Connolly wins face-off versus Wade Megan in Barons zone.
15:55 of 3rd period - Zach Hamill is hit by Scott Hannan and loses puck.
16:04 of 3rd period - Brett Connolly is hit by Jyrki Jokipakka and loses puck.
17:05 of 3rd period - Off-side.
17:06 of 3rd period - Wade Megan wins face-off versus Andy Miele in neutral zone.
17:09 of 3rd period - Wrist shot by Pierre-Cedric Labrie.
17:09 of 3rd period - Shot Misses the Net.
18:03 of 3rd period - John Negrin is hit by Cameron Schilling and loses puck.
18:23 of 3rd period - Snap shot by Brett Connolly.
18:23 of 3rd period - Shot Misses the Net.
18:25 of 3rd period - Wrist shot by Kris Newbury.
18:25 of 3rd period - Stopped by Johan Gustafsson with a rebound.
18:31 of 3rd period - Wrist shot by Brad Winchester.
18:31 of 3rd period - Stopped by Johan Gustafsson with a rebound.
18:33 of 3rd period - Slapshot by Chris Porter.
18:33 of 3rd period - Stopped by Johan Gustafsson with a rebound.
18:49 of 3rd period - Scott Hannan is hit by Frazer McLaren.
19:21 of 3rd period - Zach Hamill is hit by Chris Porter and loses puck.
Goals for this period are 0 for Barons vs 0 for Admirals NSH.
Shots for this period are 9 for Barons vs 4 for Admirals NSH.


Output by the SimonT Hockey Simulator (STHS) for Eric Dolegowski -- Original Page W3C XHTML 1.0 Valid
Hockey Simulator - Hockey Simulation - Hockey Manager